 Dungeon Crawl Stone Soup version 0.24.0-37-gcf1ca852f1 (webtiles) character file.

Game seed: 7486556447818824182, levelgen mode: deterministic

196 Amplified the Sneak (level 5, -1/46 HPs)
             Began as a Naga Summoner on Nov 27, 2019.
             Slain by a goblin
             ... wielding a +0 dagger
              (3 damage)
             ... on level 3 of the Dungeon.
             The game lasted 00:02:47 (1714 turns).

Amplified the Sneak (Naga Summoner)                 Turns: 1714, Time: 00:02:48

Health: -1/46      AC:  4    Str: 10    XL:     5   Next: 75%
Magic:  3/9        EV:  8    Int: 16    God:
Gold:   35         SH:  0    Dex: 12    Spells: 6/9 levels left

rFire    . . .     SeeInvis +   b - +0 short sword
rCold    . . .     Gourm    .   (no shield)
rNeg     . . .     Faith    .   e - +0 ring mail
rPois    +         Spirit   .   (no helmet)
rElec    .         Reflect  .   (no cloak)
rCorr    .         Harm     .   (no gloves)
MR       .....     Rnd*Tele +   (no barding)
Stlth    ++........             (no amulet)
HPRegen  0.15/turn              f - ring of teleportation (curse)
MPRegen  0.11/turn              i - ring of wizardry

@: berserk cooldown, slowed, very slow
A: large, see invisible, deformed body, poison resistance, slowness 2, slow
metabolism 1, spit poison 1, AC +1
a: Spit Poison


You were on level 3 of the Dungeon.
You were not hungry.

You visited 1 branch of the dungeon, and saw 3 of its levels.

You collected 35 gold pieces.

Inventory:

Hand Weapons
 b - a +0 short sword (weapon)
Armour
 a - a +0 robe
 e - a +0 ring mail (worn)
Jewellery
 f - a cursed ring of teleportation (left hand)
 i - a ring of wizardry (right hand)
Comestibles
 c - 4 rations


   Skills:
 * Level 2.5 Fighting
 - Level 1.5 Dodging
 * Level 5.4 Stealth
 + Level 2.7 Spellcasting
 * Level 4.9 Summonings


You had 6 spell levels left.
You knew the following spells:

 Your Spells              Type           Power        Failure   Level  Hunger
a - Summon Small Mammal   Summ           ###.         2%          1    #......
b - Call Imp              Summ           ###.....     4%          2    ##.....

Your spell library contained the following spells:

 Spells                   Type           Power        Failure   Level  Hunger
 Call Canine Familiar     Summ           ###.....     9%          3    ###....
 Summon Guardian Golem    Hex/Summ       ##......     22%         3    ###....
 Summon Ice Beast         Ice/Summ       ##......     56%         4    #####..
 Summon Lightning Spire   Summ/Air       ##......     56%         4    #####..


Dungeon Overview and Level Annotations

Branches:
Dungeon (3/15)

Altars:


Innate Abilities, Weirdness & Mutations

You cannot wear boots.
Your serpentine skin is tough. (AC +1)
You have supernaturally acute eyesight. (SInv)
Armour fits poorly on your strangely shaped body.
Your system is resistant to poisons. (rPois)
You cover ground very slowly.
You have a slow metabolism.
You can spit poison.


Message History

Unknown command.
Unknown command.
You aren't carrying any potions.
Unknown command.
You aren't carrying any scrolls.
Unknown command.
You aren't carrying any potions.
Unknown command.
Casting: Call Imp (safe; 4% risk of failure)
Confirm with . or Enter, or press ? or * to list all spells.
A beastly little devil appears in a puff of frigid air.
The adder closely misses you. The goblin hits you but does no damage.
The adder barely misses you.
Unknown command.
Unknown command.
Unknown command.
You hit the adder.
You kill the adder!
The goblin barely misses you. The goblin hits you with a +0 dagger.
You die... # # ###..####.##... #.....g@5...... #.#..####.##..b # #

You could see a goblin, a bat (sleeping) and a friendly white imp.

Vanquished Creatures
  Sigmund (D:2)
  An adder (D:3)
  2 dart slugs
  2 leopard geckos
  A bat zombie (D:2)
  A giant cockroach (D:2)
  A hobgoblin (D:1)
  2 jackals (D:1)
  A bat (D:1)
  2 frilled lizards
  A jackal skeleton (D:2)
  4 kobolds (D:1)
  3 rats
22 creatures vanquished.

Vanquished Creatures (collateral kills)
  A worm (D:2)
  2 dart slugs (D:1)
  A bat (D:1)
  A giant cockroach (D:1)
  2 goblins (D:1)
  A frilled lizard (D:1)
  2 kobolds (D:1)
  A rat (D:1)
11 creatures vanquished.

Grand Total: 33 creatures vanquished

Notes
Turn   | Place    | Note
-------+----------+-------------------------------------------
     0 | D:1      | Amplified the Naga Summoner began the quest for the Orb.
     0 | D:1      | Reached XP level 1. HP: 15/15 MP: 3/3
   231 | D:1      | Reached XP level 2. HP: 15/24 MP: 1/5
   563 | D:1      | Learned a level 2 spell: Call Imp
   936 | D:1      | Reached skill level 1 in Fighting
  1159 | D:1      | Reached XP level 3. HP: 31/31 MP: 6/6
  1347 | D:2      | Noticed Sigmund
  1378 | D:2      | Reached skill level 4 in Stealth
  1705 | D:2      | Killed Sigmund
  1705 | D:2      | Reached skill level 5 in Stealth
  1705 | D:2      | Reached XP level 4. HP: 11/40 MP: 6/8
  1705 | D:2      | Reached XP level 5. HP: 12/46 MP: 6/9
  1711 | D:2      | HP: 2/46 [goblin/+0 dagger (2)]
  1714 | D:3      | Slain by a goblin

Levels and vault maps discovered:
D:1:      tarquinn_simple_flora_water_d, layout_loops_ring
D:2:      layout_loops_ring, first_ration, serial_undead, serial_undead_c,
          serial_undead_f, serial_undead_c, serial_undead_e, serial_undead_a,
          st_stairs_14, minmay_small_reverse_x, uniq_sigmund
D:3:      layout_loops_cross, hellmonk_ghost_happy_afterlife,
          nicolae_gozag_seed_capital

Skill      XL: |  1  2  3 |
---------------+----------+-----
Fighting       | 1 2 |  2.5
Stealth        | 5 |  5.4
Dodging        | |  1.5
Spellcasting   | |  2.7
Summonings     | |  4.9

Action                   |  1- 3 |  4- 6 || total
-------------------------+-------+-------++-------
Melee: Short sword       |    92 |     1 ||    93
       Unarmed           |     1 |       ||     1
 Cast: Summon Small Mamm |    13 |       ||    13
       Call Imp          |     3 |     2 ||     5
  Use: Scroll            |     2 |       ||     2
       Potion            |     2 |       ||     2
 Stab: Sleeping          |     5 |       ||     5
  Eat: Chunk             |     2 |       ||     2
Armor: Robe              |    12 |       ||    12
       Ring mail         |     5 |     5 ||    10
       Skin              |     5 |       ||     5
Dodge: Dodged            |    63 |     7 ||    70
